 Dungeon Crawl Stone Soup version 0.28-a0-479-g5baa6b73be (webtiles) character file.

Game seed: 3921335552503113446

188 timneilson the Shield-Bearer (level 5, 0/33 HPs)
             Began as a Gargoyle Fighter on Sept 18, 2021.
             Was an Initiate of Okawaru.
             Slain by a water moccasin (4 damage)
             ... on level 6 of the Dungeon.
             The game lasted 00:04:22 (2367 turns).

timneilson the Shield-Bearer (Gargoyle Fighter)     Turns: 2367, Time: 00:04:23

Health: 0/33       AC: 12    Str: 20    XL:     5   Next: 67%
Magic:  5/5        EV:  7    Int:  9    God:    Okawaru [......]
Gold:   143        SH:  9    Dex:  9    Spells: 4/4 levels left

rFire   . . .      SeeInvis .   a - +1 long sword
rCold   . . .      Faith    .   h - +1 kite shield
rNeg    + . .      Spirit   .   b - +0 scale mail
rPois   ∞          Reflect  .   (no helmet)
rElec   +          Harm     .   (no cloak)
rCorr   .          Rampage  .   g - +0 pair of gloves
Will    .....                   (no boots)
Stlth   ..........              (no amulet)
HPRegen 0.11/turn               (no ring)
MPRegen 0.09/turn               (no ring)

@: mighty
A: sickness immunity, AC +4, negative energy resistance 1, electricity
resistance, torment resistance 1, petrification resistance
a: Renounce Religion


You were on level 6 of the Dungeon.
You worshipped Okawaru.
Okawaru was noncommittal.
You visited 2 branches of the dungeon, and saw 6 of its levels.

You collected 143 gold pieces.

Inventory:

Hand Weapons
 a - a +1 long sword (weapon)
Armour
 b - a +0 scale mail (worn)
 g - a +0 pair of gloves (worn)
 h - a +1 kite shield (worn)
Scrolls
 i - 3 scrolls of vulnerability
 l - a scroll of enchant weapon
Potions
 d - a potion of might
 f - a potion of mutation
 j - a potion of curing {unknown}


   Skills:
 + Level 3.8 Fighting
 * Level 2.9 Long Blades
 * Level 4.4 Armour
 + Level 1.1 Dodging
 * Level 4.4 Shields
 + Level 0.2 Invocations


You had 4 spell levels left.
You didn't know any spells.
Your spell library contained the following spells:

 Spells                   Type           Power      Damage    Failure   Level
 Portal Projectile        Hex/Tloc       0%         N/A       100%        3
 Leda's Liquefaction      Hex/Erth       0%         N/A       100%        4
 Call Canine Familiar     Summ           Unusable   N/A       N/A         3

Dungeon Overview and Level Annotations

Branches:
Dungeon (6/15)             Temple (1/1) D:6

Altars:
Dithmenos
Elyvilon
Fedhas
Hepliaklqana
Kikubaaqudgha
Makhleb
Nemelex Xobeh
Okawaru
Qazlal
Sif Muna
Uskayaw
Wu Jian
Xom
The Shining One

Shops:
D:1 (


Innate Abilities, Weirdness & Mutations

You are immune to sickness and miasma.
Your stone body is resilient. (AC +4)
You are immune to poison.
You resist negative energy. (rN+)
You are resistant to electric shocks. (rElec)
You are resistant to unholy torment.
You are immune to petrification.


Message History

The water moccasin bites you but does no damage.
You block the gnoll's attack. x2; The gnoll hits you but does no damage.
You completely miss the gnoll.
The water moccasin completely misses you.
The gnoll hits you but does no damage. x2; You block the gnoll's attack.
The water moccasin bites you but does no damage.
You hear a distant slurping noise.
You slash the gnoll!
You kill the gnoll!
Okawaru accepts your kill. The water moccasin bites you.
The gnoll hits you with a +0 flail. You block the gnoll's attack.
The water moccasin bites you. The gnoll barely misses you. x2
You slash the gnoll!
The gnoll is severely wounded.
You block the water moccasin's attack. The water moccasin bites you!
* * * LOW HITPOINT WARNING * * *
You block the gnoll's attack. The gnoll hits you but does no damage.
You slash the gnoll!
You kill the gnoll!
Okawaru accepts your kill.
The water moccasin bites you but does no damage.
You block the gnoll's attack.
The water moccasin bites you but does no damage.
The gnoll hits you but does no damage.
You slash the gnoll!
The gnoll is heavily wounded.
The water moccasin barely misses you.
The water moccasin bites you but does no damage.
The gnoll hits you but does no damage.
You barely miss the gnoll.
The gnoll is heavily wounded.
The water moccasin bites you.
* * * LOW HITPOINT WARNING * * *
You block the gnoll's attack. You block the water moccasin's attack.
You slash the gnoll!
You kill the gnoll!
Okawaru accepts your kill. The water moccasin bites you.
You die...

........>......<.......
....#P#...#P......>....
....#.##.###...........
....###P.P##.......>...
.......................
.....................##
.....................#
.........##'#######..
........#.)S@)......
#########..))...####
...........#
...............
.........?......
................
.>..............
#####?...##.##.#


You could see a water moccasin.

Vanquished Creatures
  A necrophage (D:6)
  A centaur zombie (D:6)
  4 gnolls (D:6)
  An adder (D:3)
  A worm (D:2)
  3 endoplasms (D:1)
  3 giant cockroaches (D:1)
  A hobgoblin (D:1)
  7 jackals
  A quokka (D:2)
  A ball python (D:1)
  2 bats (D:1)
  3 frilled lizards
  4 goblins (D:1)
  A kobold (D:2)
  2 rats
36 creatures vanquished.

Notes
Turn   | Place    | Note
-------+----------+-------------------------------------------
     0 | D:1      | timneilson the Gargoyle Fighter began the quest for the
                  | Orb.
     0 | D:1      | Reached XP level 1. HP: 14/14 MP: 1/1
   191 | D:1      | Reached XP level 2. HP: 16/19 MP: 2/2
  1040 | D:1      | Found Fouculle's Weapon Boutique.
  1187 | D:2      | Reached XP level 3. HP: 20/23 MP: 3/3
  1287 | D:2      | Found an ornate altar of the Wu Jian Council.
  1871 | D:3      | You fall into a shaft and drop 2 floors!
  1871 | D:5      | Entered Level 5 of the Dungeon
  1906 | D:5      | Noticed a two-headed ogre
  1908 | D:5      | Found a stormy altar of Qazlal.
  1922 | D:6      | Noticed a necrophage
  1939 | D:6      | Killed a necrophage
  1940 | D:6      | Reached skill level 1 in Dodging
  1940 | D:6      | Reached XP level 4. HP: 19/29 MP: 4/4
  1940 | D:6      | Reached XP level 5. HP: 21/33 MP: 5/5
  1954 | D:6      | Found a staircase to the Ecumenical Temple.
  1961 | Temple   | Entered the Ecumenical Temple
  2109 | Temple   | Became a worshipper of Warmaster Okawaru
  2355 | D:6      | Noticed a water moccasin
  2367 | D:6      | Slain by a water moccasin

Illustrated notes

Levels and vault maps discovered:
D:1:      eino_arrival_cavern_a, layout_rooms, serial_shops,
          nicolae_lakefront_shop, minmay_misc_feat_encased, columned_hall_lemuel
D:2:      layout_loops_ring, basic_altar
D:3:      layout_rooms, nicolae_ashenzari_panopticon, grunt_ministairs_2,
          roderic_batcave
D:5:      layout_rooms, overflow_temple_1_default, nicolae_gozag_seed_capital,
          minmay_fractal_squares_diagonal_5, uniq_blork_the_orc
D:6:      layout_gridville, minmay_temple_entry_gardened_gates,
          lightli_sewer_entry_pipes, minivault_27
Temple:   oiseaux_autumnal_temple

Skill      XL: |  1  2  3 |
---------------+----------+-----
Long Blades    | 2 |  2.9
Armour         | 4 |  4.4
Dodging        | 1 |  1.1
Shields        | 4 |  4.4
Fighting       | |  3.8
Invocations    | |  0.2

Action                   |  1- 3 |  4- 6 || total
-------------------------+-------+-------++-------
Melee: Long sword        |   114 |    13 ||   127
  Use: Scroll            |     8 |       ||     8
       Potion            |       |     1 ||     1
Armor: Scale mail        |    50 |    23 ||    73
Dodge: Dodged            |    65 |     9 ||    74
Block: Buckler           |     3 |       ||     3
       Kite shield       |    34 |    15 ||    49

Table legend: (Time is in decaauts)
 A = Elapsed time spent in this place.
 B = Non-inter-level travel time spent in this place.
 C = Inter-level travel time spent in this place.
 D = Time resting spent in this place.
 E = Time spent auto-exploring this place.
 F = Levels seen in this place.
 G = Mean time per level.
                   A        B        C        D        E       F      G
               +--------+--------+--------+--------+--------+-----+--------+
         Total |   2431 |   2358 |     73 |     37 |   1820 |   6 |  405.2 |
       Dungeon |   2045 |   2005 |     40 |     37 |   1500 |   5 |  409.0 |
        Temple |    386 |    353 |     33 |      0 |    320 |   1 |  386.0 |
               +--------+--------+--------+--------+--------+-----+--------+

Top non-repeatable levels by time:
     D:1: 1098 daAuts
     D:2: 728 daAuts
  Temple: 386 daAuts
     D:6: 92 daAuts
     D:3: 87 daAuts
     D:5: 38 daAuts
